 Dungeon Crawl Stone Soup version 0.28.0-53-g5a82cb258f (webtiles) character file.

Game seed: 13517451025580896674

108 unlimited1921 the Magician (level 5, -2/35 HPs)
             Began as a Djinni Fire Elementalist on Aug 2, 2022.
             Slain by an iron imp (4 damage)
             ... summoned by Natasha
             ... on level 2 of the Dungeon.
             The game lasted 00:06:14 (3036 turns).

unlimited1921 the Magician (DjFE)                   Turns: 3036, Time: 00:06:16

Health: -2/35      AC:  3    Str:  7    XL:     5   Next: 12%
Gold:   48         EV: 11    Int: 19    God:
                   SH:  0    Dex: 13

rFire   + + .      SeeInvis .   e - +2 dagger (drain)
rCold   x . .      Faith    .   (no shield)
rNeg    . . .      Spirit   .   c - +0 leather armour
rPois   ∞          Reflect  .   (no helmet)
rElec   .          Harm     .   (no cloak)
rCorr   .          Rampage  .   (no gloves)
Will    .....                   (boots unavailable)
Stlth   ++........              (no amulet)
HPRegen 0.11/turn               (no ring)
MPRegen 0.00/turn               (no ring)

@: flying
A: sickness immunity, fire resistance 2, cold vulnerability 1, float, innate
caster, HP casting, extra vitality 1
a: no special abilities


You were on level 2 of the Dungeon.
You visited 1 branch of the dungeon, and saw 2 of its levels.

You collected 48 gold pieces.

Inventory:

Hand Weapons
 e - a +2 dagger of draining (weapon)
 f - a +0 hand axe
Missiles
 g - 49 stones
 k - 6 poisoned darts (quivered)
Armour
 a - a +0 robe
 c - a +0 leather armour (worn)
Jewellery
 m - a +6 ring of intelligence
Scrolls
 b - a scroll of teleportation {unknown}
 d - a scroll of fear {unknown}
 h - a scroll of noise {unknown}
 i - a scroll of vulnerability {unknown}
 j - a scroll of identify {unknown}
Potions
 l - a potion of curing {unknown}


   Skills:
 + Level 0.9 Armour
 + Level 2.4 Dodging
 + Level 2.0 Stealth
 + Level 3.8 Spellcasting


You couldn't memorise any spells.
You knew the following spells:

 Your Spells              Type           Power      Damage    Failure   Level
a - Foxfire               Conj/Fire      72%        2x1d7     4%          1
b - Scorch                Fire           36%        2d6       6%          2
c - Conjure Flame         Conj/Fire      18%        6-21      12%         3
d - Inner Flame           Hex/Fire       18%        N/A       12%         3
e - Flame Wave            Conj/Fire      18%        2d6       38%         4
f - Freeze                Ice            72%        1d9       4%          1
g - Blink                 Tloc           36%        N/A       6%          2
Your spell library was empty.

Dungeon Overview and Level Annotations

Branches:
Dungeon (2/15)

Altars:

Annotations:
D:2 1 runed translucent door, Crazy Yiuf, Natasha


Innate Abilities, Weirdness & Mutations

You are immune to sickness and miasma.
You are immune to poison.
Your flesh is very heat resistant. (rF++)
You are vulnerable to cold. (rC-)
You float through the air rather than walking.
You learn spells naturally, not from books.
Your magical power is your life essence.
You have superior vitality. (+4 MHP)


Message History

Confirm with . or Enter, or press ? or * to list all spells.
You don't know that spell.
Casting: Foxfire (safe; 4% risk of failure)
Confirm with . or Enter, or press ? or * to list all spells.
You don't know that spell.
Unknown command.
Unknown command.
Unknown command.
Casting: Foxfire (safe; 4% risk of failure)
Confirm with . or Enter, or press ? or * to list all spells.
Flames lash the iron imp.
The iron imp completely resists.
The foxfire hits the iron imp.
The iron imp completely resists.
The foxfire hits the iron imp.
The iron imp completely resists.
The foxfire hits the iron imp but does no damage.
Natasha casts a spell.
The iron imp hits you.
Casting: Scorch (safe; 6% risk of failure)
Confirm with . or Enter, or press ? or * to list all spells.
Flames lash the iron imp.
The iron imp completely resists.
The iron imp barely misses you.
The white imp hits you but does no damage.
Casting: Scorch (safe; 6% risk of failure)
Confirm with . or Enter, or press ? or * to list all spells.
Flames lash the white imp but do no damage.
Natasha claws you.
The white imp hits you but does no damage.
Casting: Scorch (safe; 6% risk of failure)
Confirm with . or Enter, or press ? or * to list all spells.
Flames lash the iron imp but do no damage.
The iron imp barely misses you. Natasha claws you!
* * * LOW HITPOINT WARNING * * *
The white imp barely misses you.
Casting: Scorch (safe; 6% risk of failure)
Confirm with . or Enter, or press ? or * to list all spells.
Flames lash the white imp.
The white imp is burned terribly!
You kill the white imp!
The white imp disappears in a puff of smoke!
* * * LOW HITPOINT WARNING * * *
Natasha closely misses you. The iron imp hits you.
You die...

#.##........... #.#...
#.####..v...... ##.######
#########.# ##†####### #........
..........# #..##### ##.######
.)........#####......##..........
..........†...'......#####.##....
..........#####......# ##.##.##.
..........# #......#........##.
..........# ###5@.............###
..####....##..§h5#..#..# .....##.
.## #.#####.######.#..##..#..##.
.# #.#####.#.........# #...† .#+
#.#.........###'..######....
..####.#.........#.....##..##...#
.................#.....##..##...#
.................#......÷.......#
.................#..............#


You could see an iron imp (summoned), Natasha and a white imp (summoned).

Vanquished Creatures
  Natasha (twice) (D:2)
  Robin (D:2)
  A worm (D:2)
  An endoplasm (D:1)
  3 giant cockroaches
  8 goblins
  7 hobgoblins
  2 jackals (D:1)
  2 quokkas (D:2)
  A ball python (D:2)
  3 bats
  A frilled lizard (D:2)
  5 kobolds
  5 rats
42 creatures vanquished.

Vanquished Creatures (others)
  133 foxfires
  2 fungi (D:2)
135 creatures vanquished.

Grand Total: 177 creatures vanquished

Notes
Turn   | Place    | Note
-------+----------+-------------------------------------------
     0 | D:1      | unlimited1921 the Djinni Fire Elementalist began the quest
                  | for the Orb.
     0 | D:1      | Reached XP level 1. HP: 15/15 MP: 0/0
   410 | D:1      | Reached XP level 2. HP: 13/21 MP: 0/0
  1556 | D:1      | Found a faded altar of an unknown god.
  1632 | D:2      | Reached skill level 3 in Spellcasting
  1664 | D:2      | Noticed Natasha
  1670 | D:2      | Killed Natasha
  1671 | D:2      | Reached XP level 3. HP: 20/25 MP: 0/0
  1671 | D:2      | Learned a level 1 spell: Freeze
  2474 | D:2      | Reached XP level 4. HP: 22/31 MP: 0/0
  2619 | D:2      | Found a runed translucent door.
  2620 | D:2      | Noticed Crazy Yiuf
  2757 | D:2      | Noticed Robin
  2766 | D:2      | Killed Robin
  2906 | D:2      | Noticed Natasha
  2911 | D:2      | Killed Natasha
  2912 | D:2      | Reached XP level 5. HP: 19/35 MP: 0/0
  2912 | D:2      | Learned a level 2 spell: Blink
  3027 | D:2      | Noticed Natasha
  3036 | D:2      | Slain by an iron imp

Illustrated notes

Levels and vault maps discovered:
D:1:      dpeg_arrival_tiny_f, layout_loops_cross,
          dilly_ecumenical_altar_fadedgnrine
D:2:      layout_basic, grunt_ministairs_6, hangedman_decor_growths, uniq_robin,
          uniq_crazy_yiuf_cottage, uniq_natasha

Skill      XL: |  1  2  3  4 |
---------------+-------------+-----
Spellcasting   | 3 |  3.8
Stealth        | 2 |  2.0
Armour         | |  0.9
Dodging        | |  2.4

Action                   |  1- 3 |  4- 6 || total
-------------------------+-------+-------++-------
Melee: Dagger            |     8 |     3 ||    11
 Cast: Foxfire           |    43 |    38 ||    81
       Scorch            |     3 |     5 ||     8
       Inner Flame       |       |     2 ||     2
Armor: Robe              |     1 |       ||     1
       Leather armour    |     6 |     2 ||     8
Dodge: Dodged            |    12 |     4 ||    16
